[Event "Kezmarok Chess Open 2022"]
[Site "Kezmarok"]
[Date "2022.09.24"]
[Round "1.12"]
[White "Rakovsky, Jakub"]
[Black "Velychko, Semen"]
[Result "0-1"]
[ECO "B32"]
[WhiteElo "2012"]
[BlackElo "1604"]
[Annotator "TA"]
[PlyCount "68"]
[EventDate "2022.09.24"]
[EventType "swiss"]
[EventCountry "SVK"]
[SourceTitle "playchess.com"]
[Source "ChessBase"]
[SourceQuality "1"]
[TimeControl "40/5400+30:1800+30"]

1. e4 c5 2. Nf3 Nc6 3. d4 cxd4 4. Nxd4 e5 5. Nb5 d6 6. N1c3 a6 7. Na3 b5 8. Nd5 Nge7 9. Bg5 f6 {[%emt 0:01:09] B32: Sicilian: Löwenthal and Kalashnikov Variations.} 10. Qh5+ (10. Be3 $14) 10... g6 $1 $11 11. Nxf6+ Kf7 {[%emt 0:00:05] White is clearly better.} 12. Qf3 (12. Qd1 $1 $11) 12... Nd4 $19 13. Qc3 {[%emt 0:03:55] [#]} Ne6 $146 (13... Bg7 14. Nd5 Nxd5 15. Bxd8 $17 (15. Qxd4 exd4 16. Bxd8 Rxd8 $17)) ({Predecessor:} 13... h6 14. Be3 b4 15. Qxb4 Nec6 16. Qc4+ Be6 17. Qa4 Kxf6 18. c3 Nb5 19. Bxb5 axb5 20. Qxb5 {1-0 (38) Flores Quillas,D-Jimenez,J Pocos de Caldas 2013}) 14. f4 h6 $2 ({Stronger than} 14... Bg7 15. O-O-O exf4 16. e5 $17) ({Black should try} 14... exf4 $19 15. Ng4 Nxg5 16. Qf6+ Ke8 17. Qxg5 Bg7) 15. Be2 $2 hxg5 16. fxe5 Nf4 17. Rd1 Ng8 18. Nd5 Nxe2 ({Better is} 18... Nxg2+ $19 19. Kf1 Rh3) 19. e6+ $2 (19. Kxe2 $11 {and White has nothing to worry.} Bg4+ 20. Kd3) 19... Bxe6 20. Qxh8 (20. Kxe2 Bg7 21. Rhf1+ Nf6 22. Nxf6 Bxf6 23. Rxf6+ Qxf6 24. Rf1 Bg4+ 25. Ke1) 20... Bxd5 $2 (20... Bg7 21. Qh7 Nf6 22. Nxf6 Qxf6) 21. Rxd5 Nf4 {[%emt 0:00:32] [#] And now ...Bg7 would win. Chess con chili.} (21... Bg7 $2 22. Qh3 Nf4 23. O-O) 22. Qd4 (22. Qh7+ Bg7 23. O-O Qb6+ 24. Kh1 Nf6 25. Rxf4 gxf4 $19) (22. O-O $142) 22... Nxd5 23. Qxd5+ Kg7 24. Rf1 Nf6 ({Don't go for} 24... Kh8 $2 25. Rf7 Nh6 26. Qd4+ Kg8 27. Rb7 $19) 25. Qb7+ Be7 26. c3 b4 27. Nc2 bxc3 28. Nd4 {[%emt 0:00:11] [#] Black must now prevent Ne6+.} Qe8 {[%emt 0:11:33] Threatens to win with ...Rb8.} 29. Nc6 {[%emt 0:04:22] Inhibits Rb8.} Nd7 30. bxc3 Bf6 {[%emt 0:00:42] Prevents e5.} 31. Kd2 Kh6 {[%emt 0:03:23] Hoping for ...Nc5.} 32. Rf3 g4 33. Rg3 Nc5 34. Qb6 Nxe4+ {[%emt 0:00:08] Weighted Error Value: White=1.06/Black=0.66} (34... Qxe4 $142 35. Qb4 Nb3+ 36. Kd1 Qb1+ 37. Ke2 Re8+ 38. Ne5 Rxe5+ 39. Re3 Qc2+ 40. Kf1 Qc1+ 41. Kf2 Qxe3+ 42. Kf1 Qe1#) 0-1

[Event "Kezmarok Chess Open 2022"]
[Site "Kezmarok"]
[Date "2022.09.24"]
[Round "1.13"]
[White "Mazak, Ryan"]
[Black "Elias, David"]
[Result "0-1"]
[ECO "B20"]
[WhiteElo "1590"]
[BlackElo "1988"]
[Annotator "TA"]
[PlyCount "68"]
[EventDate "2022.09.24"]
[EventType "swiss"]
[EventCountry "SVK"]
[SourceTitle "playchess.com"]
[Source "ChessBase"]
[SourceQuality "1"]
[TimeControl "40/5400+30:1800+30"]

1. e4 c5 2. c4 d6 3. Nc3 Nc6 4. d3 g6 5. f4 Bg7 6. g3 {[%emt 0:04:03] B20: Sicilian: Unusual White 2nd moves.} Nf6 7. Bg2 (7. Nge2 {looks sharper.} Bg4 8. Bg2 Nh5 9. Be3) 7... Bd7 8. Nge2 {[%emt 0:02:57] The position is equal.} a6 9. O-O Rb8 10. h3 b5 11. Rb1 {[%emt 0:04:23] [#]} Qc8 $146 ({Predecessor:} 11... b4 12. Nd5 e6 13. Ne3 a5 14. g4 a4 15. Qxa4 Ra8 16. Qb3 Nd4 17. Nxd4 Ba4 {0-1 (39) Spanton,T (2104)-Cavadini,S Lugano 2000}) 12. Kh2 h5 (12... b4 $5 13. Nd5 O-O $11) 13. b3 Nd4 14. Nxd4 ({White should play} 14. cxb5 $11 h4 15. g4) 14... Ng4+ $1 $15 15. hxg4 hxg4+ ({Much weaker is} 15... Bxd4 $6 16. g5 Bxc3 17. Qc2 $11) 16. Kg1 {[%emt 0:00:33] aiming for Nde2.} Bxd4+ 17. Rf2 {[%emt 0:00:23] Threatens to win with Nd5.} Bxc3 {[%emt 0:01:01] Black is more active.} 18. Bb2 Bxb2 19. Rbxb2 Be6 (19... Rh5 $17) 20. Bh1 {[%emt 0:06:37] [#]} Rh3 ({Black should try} 20... f6 $1 $17 21. Rbc2 Kf7) 21. Rh2 bxc4 22. dxc4 Rxg3+ 23. Bg2 $1 {[%emt 0:02:09] Black must now prevent Rh8+.} Kd7 $1 24. Kf2 $2 (24. Qe1 $11 {and White has nothing to worry.} Rh3 25. Bxh3 gxh3 26. Rbd2) 24... Rc3 $19 {[%emt 0:00:20][%cal Bg3c3,Bc3c4,Bc4d4][%mdl 32] And now ...g3+ would win.} 25. Qd2 $2 (25. Kg1) 25... g3+ 26. Kf1 Rxc4 {[%emt 0:02:50] Hoping for ...Rd4.} 27. Rh1 Rd4 28. Qc2 Qb7 29. f5 gxf5 30. exf5 Bd5 31. Rg1 Qb5+ 32. Ke1 Qb4+ 33. Ke2 {[%emt 0:02:03] [#]} Bc4+ $1 34. Ke3 (34. bxc4 Qxb2) 34... Rd3+ {[%emt 0:00:23] Weighted Error Value: White=1.13/Black=0.24 (precise)} 0-1

[Event "Kezmarok Chess Open 2022"]
[Site "Kezmarok"]
[Date "2022.09.24"]
[Round "1.14"]
[White "Fizer, Marek"]
[Black "Kolek, Stefan"]
[Result "1-0"]
[ECO "C05"]
[WhiteElo "1963"]
[BlackElo "1524"]
[Annotator "TA"]
[PlyCount "57"]
[EventDate "2022.09.24"]
[EventType "swiss"]
[EventCountry "SVK"]
[SourceTitle "playchess.com"]
[Source "ChessBase"]
[SourceQuality "1"]
[TimeControl "40/5400+30:1800+30"]

1. e4 e6 2. d4 d5 3. Nd2 Nf6 4. e5 Nfd7 5. f4 c5 6. c3 Nc6 7. Ndf3 Be7 8. Bd3 Qb6 9. Ne2 {[%emt 0:00:52] C05: French Tarrasch: 3...Nf6 4 e5 Nfd7, 5 f4 and 5 Bd3 sidelines.} Nf8 10. O-O Ng6 11. Kh1 {[%emt 0:02:10] White is better.} Bd7 {[%emt 0:00:25] [#]} 12. a4 $146 (12. dxc5 $16 Bxc5 13. b4) ({Predecessor:} 12. Bc2 O-O-O 13. Ng3 Nh4 14. Nxh4 Bxh4 15. Ne2 Kb8 16. Rf3 g6 17. Rb1 Rc8 18. dxc5 Qxc5 {1-0 (41) Weersing,A (1862)-Whiteside,R (1807) England 2019}) 12... a6 (12... c4 $14 13. Bc2 O-O) 13. dxc5 $16 Bxc5 14. b4 Be7 15. Nfd4 O-O 16. Be3 Qd8 {[%emt 0:02:44] [#]} (16... Qc7 $14) 17. g4 {[%emt 0:03:34] White is more active.} (17. Rf3 $1 $16) 17... f6 $11 18. exf6 Bxf6 19. Qc2 Qe8 20. Nb3 ({White should play} 20. Nxc6 $11 Bxc6 21. Nd4) 20... e5 $15 {[%emt 0:00:49] [#] White must now prevent ...e4.} 21. g5 e4 22. gxf6 {[%emt 0:00:27][%cal Od3a6] aiming for Bxa6!} exd3 23. Qxd3 Rxf6 {[%emt 0:00:15] And now ...Bf5 would win.} 24. Ng3 {[%emt 0:02:27] Against Bf5} (24. Qxd5+ $2 Be6 25. Qd3 Bxb3 $19) 24... Qf7 (24... Bh3 $17 {...d4 is the strong threat.} 25. Rf2 Qf7) 25. Nc5 (25. f5 $1 $11 Nge5 26. Qd1) 25... d4 (25... Bg4 $17 {Strongly threatening ...h5.} 26. b5 Nce7) 26. Nxd7 $11 Qd5+ $2 (26... Qxd7 $11 27. b5 Qd5+ 28. Qe4 Qxe4+ 29. Nxe4 Re6 30. Bxd4 (30. bxc6 dxe3 31. cxb7 Rb8 $15) 30... Nxd4) 27. Ne4 $18 Re6 28. Ndc5 ({Avoid the trap} 28. cxd4 $2 Rxe4 29. Kg1 Nh4 $19) 28... dxe3 $2 (28... Rae8 29. b5 (29. cxd4 Rxe4 30. Nxe4 Nxb4 $17) 29... Rxe4 30. Nxe4 Nb4 31. Qxd4 (31. cxb4 Rxe4 32. Kg1 Rxe3 $16) 31... Rxe4 32. Qxd5+ Nxd5) 29. Qxd5 {Weighted Error Value: White=0.28 (precise) /Black=0.39} 1-0

[Event "Kezmarok Chess Open 2022"]
[Site "Kezmarok"]
[Date "2022.09.24"]
[Round "1.15"]
[White "Ropovik, Samuel"]
[Black "Belus, Benjamin"]
[Result "1-0"]
[ECO "B24"]
[WhiteElo "1497"]
[BlackElo "1932"]
[Annotator "TA"]
[PlyCount "105"]
[EventDate "2022.09.24"]
[EventType "swiss"]
[EventCountry "SVK"]
[SourceTitle "playchess.com"]
[Source "ChessBase"]
[SourceQuality "1"]
[TimeControl "40/5400+30:1800+30"]

1. e4 c5 2. Nc3 Nc6 3. Nf3 d6 4. Bb5 Bg4 5. d4 Bxf3 6. gxf3 {[%emt 0:01:42] B51: Sicilian: Moscow Variation (3 Bb5+) without 3...Bd7.} (6. Qxf3 cxd4 7. Nd5 (7. e5 Rc8 $17) 7... a6 $15) 6... cxd4 7. Qxd4 Nf6 {[%emt 0:00:43] [#]} 8. Be3 $146 {[%emt 0:07:34] White is slightly better.} ({Predecessor:} 8. Bg5 Nd7 9. Qe3 h6 10. Bh4 a6 11. Bxc6 bxc6 12. O-O-O Qb6 13. Qxb6 Nxb6 14. f4 {0-1 (51) Barglowski,F (2321)-Belous,V (2524) chess24.com INT 2020}) 8... g6 9. O-O-O Bg7 $1 10. Qd2 O-O 11. Bh6 a6 12. Bxg7 Kxg7 13. Be2 b5 (13... Qb6 $15) 14. Kb1 b4 (14... Qb6 $11) 15. Nd5 $16 Nd7 (15... e6 $14) 16. h4 $1 $18 ({Much less strong is} 16. Nxb4 $6 Nxb4 17. Qxb4 f6 $16) 16... h5 17. f4 ({Don't do} 17. Nxb4 $6 Nxb4 18. Qxb4 Qc7 $16) 17... a5 $2 (17... Qa5 18. f5 b3 19. cxb3 (19. Qxa5 bxc2+ 20. Kxc2 Nxa5 $16) 19... Qxd2 20. Rxd2 Nc5) 18. f5 Nc5 (18... e6 {was worth a try.} 19. fxe6 fxe6) 19. Bxh5 a4 (19... Nxe4 $2 20. Qe3 Qd7 21. Qxe4) (19... Rh8 $142 20. Be2 e6 21. fxe6 fxe6) 20. fxg6 Nxe4 21. Qe3 f5 22. Nf4 {[%emt 0:01:00] And now Ne6+ would win.} Qc8 {[%emt 0:03:54] Against Ne6+} 23. Bf3 {[%emt 0:06:28] Threatens to win with h5.} b3 24. Bxe4 bxa2+ 25. Kxa2 {[%emt 0:00:18] Threatening mate with Nh5+.} fxe4 26. h5 $4 (26. Nh5+ $18 {and life is good for White.} Kxg6 27. Kb1 $1) 26... Nb4+ $19 {[%emt 0:01:08][%mdl 64] Discovered Attack, Double Attack} 27. Kb1 {[%emt 0:00:18] Intending h6+ and mate.} Qxc2+ 28. Ka1 {[%emt 0:00:03] [#]} Qxd1+ $3 29. Rxd1 Nc2+ 30. Ka2 Nxe3 31. fxe3 {[%emt 0:00:28][%mdl 4096] Endgame KRR-KRN} Kh6 32. Ne6 $2 (32. Rg1) 32... Rf3 33. Nd4 Rh3 ({Better is} 33... Rf2 $19 34. Ka3 Kxh5) 34. Nf5+ $15 Kxh5 (34... Kg5 $5 35. Nxe7 Kf6 36. Nd5+ Kg7 $17) 35. Rg1 Rg8 (35... e6 $11 36. Ne7 Rxe3) 36. g7 $16 e6 (36... e5 $16 {is a better defense.}) 37. Ne7 $18 Rxg7 38. Rxg7 {[%emt 0:00:07] aiming for Rg6.} Rxe3 {[%emt 0:00:09] KRN-KR} 39. Rg6 Re1 $2 {[%emt 0:04:47] Loses the game.} (39... e5 $16) 40. Rxe6 Kg4 41. Rxd6 Kf3 42. Re6 e3 (42... Rd1 {might work better.} 43. Nf5 Rd5) 43. Nd5 e2 $2 (43... Kf2 44. Rxe3 Rd1) 44. Nc3 Kf2 {[%emt 0:00:00] [#]} 45. Rxe2+ $1 {[%emt 0:00:00][%mdl 512] White mates.} Rxe2 46. Nxe2 Kxe2 {[%emt 0:00:00] [#] KP-KP} 47. Ka3 $1 Kd3 48. Kxa4 Kc4 49. b4 Kd5 50. Kb5 Kd6 51. Kb6 Kd7 52. Kb7 Kd6 53. b5 {[%emt 0:00:00] Weighted Error Value: White=0.34/Black=0.50} 1-0

[Event "Kezmarok Chess Open 2022"]
[Site "Kezmarok"]
[Date "2022.09.24"]
[Round "1.16"]
[White "Bochnickova, Simona"]
[Black "Hanina, Marcel"]
[Result "1-0"]
[ECO "C47"]
[WhiteElo "1903"]
[BlackElo "1411"]
[Annotator "TA"]
[PlyCount "67"]
[EventDate "2022.09.24"]
[EventType "swiss"]
[EventCountry "SVK"]
[SourceTitle "playchess.com"]
[Source "ChessBase"]
[SourceQuality "1"]
[TimeControl "40/5400+30:1800+30"]

1. e4 e5 2. Nf3 Nc6 3. Nc3 Nf6 4. d4 exd4 5. Nxd4 Bc5 6. Nxc6 bxc6 7. Bc4 O-O 8. O-O d6 9. h3 {C47: Scotch Four Knights and Four Knights with 4 g3.} h6 10. Qf3 {[#]} Ne8 $146 (10... Nd7 $11 {keeps the balance.}) ({Predecessor:} 10... Bd4 11. Ne2 Be5 12. Bd3 Rb8 13. Ng3 Re8 14. Rb1 Be6 15. b3 c5 16. Bf4 Nd7 17. Bd2 {½-½ (52) Ni,S (2320)-Lei,T (2436) Wuxi 2014}) 11. Be3 {White is more active. White is better.} Bxe3 12. fxe3 (12. Qxe3 $142 Nf6 13. Rad1) 12... Qe7 $11 13. Ne2 Be6 ({Black should try} 13... Nf6 $17) 14. Bxe6 $14 fxe6 15. Qxf8+ (15. Nf4 $5 ) 15... Qxf8 16. Rxf8+ Kxf8 {[%mdl 4096] Endgame KRN-KRN} 17. Nd4 e5 18. Nxc6 Nf6 19. Rd1 ({Don't play} 19. Rf1 a5 20. b4 axb4 $15) 19... Nxe4 20. Rd3 a6 21. Ra3 Ke8 22. b4 (22. Ra4 $5 Nc5 23. Ra5 $11) 22... Kd7 23. b5 Nc5 24. Ra5 Nb7 $2 {[%mdl 8192] [#] This move loses the game for Black.} (24... Rf8 $11 {and Black stays safe.}) 25. Rxa6 $18 Rf8 26. Ra7 Nc5 27. Nb4 Rb8 28. c4 Rb7 29. Ra8 Ke6 $2 (29... d5 30. Nxd5 c6) 30. a4 Nd7 31. a5 {[#] Against Nb6. aiming for a6.} Rb8 32. Rxb8 Nxb8 33. a6 Nd7 34. Nd5 {Weighted Error Value: White=0.13 (very precise) /Black=0.85} 1-0

[Event "Kezmarok Chess Open 2022"]
[Site "Kezmarok"]
[Date "2022.09.24"]
[Round "1.17"]
[White "Velychko, Sofiya"]
[Black "Striskova, Lucia"]
[Result "1/2-1/2"]
[ECO "B90"]
[WhiteElo "1371"]
[BlackElo "1866"]
[Annotator "NA RC COMBH"]
[PlyCount "145"]
[EventDate "2022.09.24"]
[EventType "swiss"]
[EventCountry "SVK"]
[SourceTitle "playchess.com"]
[Source "ChessBase"]
[SourceQuality "1"]
[TimeControl "40/5400+30:1800+30"]

1. e4 c5 2. Nf3 d6 3. d4 cxd4 4. Nxd4 Nf6 5. Nc3 a6 6. a4 e5 7. Nf3 h6 8. Bc4 Qc7 9. Bb3 Be7 10. O-O O-O 11. h3 Nbd7 12. Be3 Nc5 13. Nd5 Nxd5 14. Bxd5 Be6 15. c4 Bxd5 16. exd5 a5 17. Nd2 f5 18. Nb3 Na6 19. Rc1 b6 20. f4 Nc5 21. Nxc5 bxc5 22. Qh5 e4 23. Bd2 Qd7 24. Bc3 Bf6 25. b3 Qb7 26. Bxf6 Rxf6 27. Rb1 Rb8 28. Qe2 Qe7 29. Rfe1 Rb4 30. Qe3 Rg6 31. Kh2 Qf6 32. Red1 h5 33. g3 h4 34. gxh4 Qxh4 35. Rg1 Rxg1 36. Rxg1 Qf6 37. Rg2 Qd4 38. Qg3 Qf6 39. Qe3 Rb7 40. Qg3 Kf7 41. Qe3 Rb8 42. Qg3 Rb4 43. Qe3 Rb7 44. Qg3 Rb8 45. Qe3 Kf8 46. Qg3 Rb7 47. Qe3 Qd4 48. Qg3 Qf6 49. Qe3 Ke8 50. Qg3 Kd8 51. Qe1 Ra7 52. Qe3 Kc8 53. Qg3 Kb8 54. Qe3 Kb7 55. Qg3 Ka6 56. Qe3 Re7 57. Qg3 Rb7 58. Qe3 Qd4 59. Qg3 e3 $17 60. Re2 Rxb3 61. Qf3 Qxc4 62. Rxe3 Rxe3 63. Qxe3 Qxd5 64. Qe8 Qa2+ 65. Kg3 Qb3+ 66. Kh4 c4 $2 ({Black should try} 66... Qb7 $19 67. Qe2+ Ka7) 67. Qc6+ Ka7 68. Qc7+ Ka6 69. Qc6+ Qb6 70. Qa8+ Qa7 71. Qc6+ Qb6 72. Qa8+ Qa7 73. Qc6+ 1/2-1/2

[Event "Kezmarok Chess Open 2022"]
[Site "Kezmarok"]
[Date "2022.09.24"]
[Round "1.18"]
[White "Mirowska, Oliwia"]
[Black "Horbalova, Ivana"]
[Result "1-0"]
[ECO "A03"]
[WhiteElo "1856"]
[BlackElo "1286"]
[Annotator "NA RC COMBH"]
[PlyCount "57"]
[EventDate "2022.09.24"]
[EventType "swiss"]
[EventCountry "SVK"]
[SourceTitle "playchess.com"]
[Source "ChessBase"]
[SourceQuality "1"]
[TimeControl "40/5400+30:1800+30"]

1. f4 d5 2. Nf3 c5 3. g3 Nc6 4. Bg2 Nf6 5. O-O e6 6. d3 d4 7. Nbd2 a6 8. a4 Bd7 9. Ne4 Nd5 10. e3 f5 11. Neg5 Nxe3 12. Bxe3 dxe3 13. Re1 h6 14. Nh3 Qb6 15. Rxe3 O-O-O 16. Nf2 Be7 17. d4 Nxd4 18. Nxd4 cxd4 19. Rb3 Bb4 20. a5 Qc5 21. Nd3 Qa7 22. Rxb4 Bb5 23. Qe2 Rd6 24. Qe5 Rhd8 25. Re1 Bxd3 26. cxd3 b5 27. axb6 Rxb6 28. Rc4+ Kd7 29. Qxg7+ 1-0

[Event "Kezmarok Chess Open 2022"]
[Site "Kezmarok"]
[Date "2022.09.25"]
[Round "2.2"]
[White "Elias, David"]
[Black "Manik, Mikulas"]
[Result "0-1"]
[ECO "E92"]
[WhiteElo "1988"]
[BlackElo "2362"]
[Annotator "TA"]
[PlyCount "120"]
[EventDate "2022.09.24"]
[EventType "swiss"]
[EventCountry "SVK"]
[SourceTitle "playchess.com"]
[Source "ChessBase"]
[SourceQuality "1"]
[TimeControl "40/5400+30:1800+30"]

1. Nf3 Nf6 2. c4 g6 3. Nc3 Bg7 4. e4 d6 5. d4 O-O 6. Be2 e5 7. d5 a5 8. Bg5 h6 9. Be3 Ng4 10. Bd2 Na6 11. h3 Nf6 12. Be3 Nc5 13. Nd2 c6 14. O-O Nfd7 {[%emt 0:05:58] E92: King's Indian: Classical: 6 Be2 e5: 7 dxe5, 7 Be3 and Petrosian System without 7...Nbd7.} 15. Nb3 {[%emt 0:07:39] dxc6 is the strong threat.} Nxb3 16. axb3 c5 {[%emt 0:00:13] [#] White is better.} 17. Qd2 $146 ({Predecessor:} 17. Nb5 Qe7 18. Qd2 b6 19. Bxh6 Nb8 20. Bxg7 Kxg7 21. f4 exf4 22. Qxf4 Rd8 23. Rf2 Qe5 24. Qxf7+ {1-0 (22) Belous,V (2518)-Ciorgovean,I (2305) Chess.com INT 2021}) 17... Kh7 18. Nb5 Nf6 19. Qc2 b6 20. f4 exf4 $1 21. Rxf4 (21. Bxf4 $14 {deserves consideration.} Ne8 22. Bd3) 21... Ba6 $11 22. Nc3 Nd7 23. Raf1 Ne5 24. Na2 Qe7 25. Nc1 Rae8 26. Nd3 Nd7 27. Ne1 (27. Re1 $15) 27... Bc8 (27... f5 $142 $1 28. Nd3 h5) 28. Bd3 ({White should play} 28. Bd2) 28... Ne5 29. Bd2 g5 {[%emt 0:03:40] Black is more active.} 30. R4f2 Nxd3 31. Qxd3 Bd4 ({Much less strong is} 31... Bxb2 32. e5+ Kg7 33. exd6 Qxd6 34. Bxa5 $1 $14) 32. Be3 Bxe3 ({Don't play} 32... Qxe4 $6 33. Qxe4+ Rxe4 34. Bxd4 cxd4 35. Rf6 $11) 33. Qxe3 Qxe4 (33... f5 $1 $17 {Strongly threatening ...f4.} 34. Qd2 Qxe4) 34. Qxe4+ Rxe4 35. Rf6 Re3 $1 36. Rxd6 Rxb3 {[%emt 0:00:06][%cal Be3b3,Bb3b4,Bb4d4][%mdl 32] White is on the road to losing.} 37. Rf2 {[%emt 0:00:35] [#]} ({Better is} 37. Rff6 b5 38. Rc6 (38. Rxh6+ $2 Kg7 $17)) 37... Kg7 $1 $17 38. Rc6 (38. Nf3 $142) 38... Ba6 39. Rc2 Rb4 40. d6 (40. Nd3 $17 {was forced.} Rxc4 41. Rf2) 40... Bxc4 $19 41. Nf3 Bd5 42. Rc7 Bxf3 43. gxf3 {[%mdl 4096] Endgame KRR-KRR} Rd4 {[%emt 0:00:00] Prevents Rd2.} 44. Rc6 Rb8 45. Kf2 a4 46. Kg3 h5 47. Re2 (47. f4 $142 Rd3+ 48. Kg2) 47... Rd8 48. Rxb6 R8xd6 49. Rxd6 Rxd6 {[%emt 0:00:00] KR-KR} 50. Re5 $2 (50. h4 f6 51. hxg5) 50... Kg6 {[%emt 0:00:00] aiming for ...h4+.} 51. Rxc5 (51. h4 $142 gxh4+ 52. Kxh4 Rd4+ 53. Kg3) 51... h4+ 52. Kf2 Rd2+ 53. Ke3 Rxb2 54. Ra5 Rh2 55. Rxa4 Rxh3 56. Kf2 Rh2+ 57. Kg1 Rd2 (57... Rc2 $142 58. Rd4 h3 59. Rd7 Rg2+ 60. Kh1 Rf2 61. Rd3 Kf5 62. Kg1 h2+ 63. Kh1 Kf4 64. Ra3 Rxf3 65. Ra2 Kg3 66. Rg2+ Kh4 67. Rc2 g4 68. Rxh2+ Rh3 69. Kg2 Rxh2+ 70. Kxh2 g3+ 71. Kh1 Kg4 72. Kg2 f6 73. Kf1 Kf3 74. Ke1 g2 75. Kd1 g1=Q+ 76. Kc2 Qc5+ 77. Kb1 Ke2 78. Ka1 Kd3 79. Kb1 Qb6+ 80. Ka2 Kc3 81. Ka3 Qb3#) 58. f4 g4 {[%emt 0:00:00] Black mates.} 59. Ra5 f6 60. Rb5 Rd4 {[%emt 0:00:00] Weighted Error Value: White=0.94/Black=0.29 (precise)} (60... h3 $142 61. Rb8 Kf5 62. Rb5+ Kxf4 63. Rb4+ Kg5 64. Rb5+ f5 65. Rb3 Rg2+ 66. Kh1 Ra2 67. Kg1 f4 68. Rb8 g3 69. Rg8+ Kf5 70. Kf1 h2 71. Rf8+ Kg4 72. Rg8+ Kf3 73. Rxg3+ fxg3 74. Ke1 h1=Q#) 0-1

[Event "Kezmarok Chess Open 2022"]
[Site "Kezmarok"]
[Date "2022.09.25"]
[Round "2.3"]
[White "Velychko, Semen"]
[Black "Hagarova, Zuzana"]
[Result "0-1"]
[ECO "B35"]
[WhiteElo "1604"]
[BlackElo "2287"]
[Annotator "TA"]
[PlyCount "72"]
[EventDate "2022.09.24"]
[EventType "swiss"]
[EventCountry "SVK"]
[SourceTitle "playchess.com"]
[Source "ChessBase"]
[SourceQuality "1"]
[TimeControl "40/5400+30:1800+30"]

1. e4 c5 2. Nf3 Nc6 3. d4 cxd4 4. Nxd4 g6 5. Nc3 Bg7 6. Be3 Nf6 7. Bc4 O-O 8. Bb3 d6 9. f3 Bd7 10. Qd2 Qa5 11. O-O-O Rfc8 12. Nd5 Qxd2+ 13. Rxd2 {[%emt 0:00:22] B79: Sicilian Dragon: Yugoslav Attack, 9 Bc4 Bd7 10 0-0-0 Qa5.} Nxd5 14. Bxd5 Rab8 {[%emt 0:01:08] [#]} 15. Nxc6 $146 (15. Kb1 $11) ({Predecessor:} 15. Kb1 Ne5 16. Ne2 a5 17. Ba7 Ra8 18. Bd4 Bh6 19. Rdd1 Nc6 20. Bxc6 bxc6 21. h4 {0-1 (39) Koke,C (2053)-Stets,D (2427) Senden 2009}) 15... bxc6 $17 16. Bb3 c5 (16... Be6 $1 $15) 17. c3 $11 a5 18. Bc4 Rc7 19. Kc2 Rcb7 20. Rb1 h5 21. Bd5 Rb6 22. Bg5 Kf8 23. b3 (23. Bc4 $11) 23... Bb5 $17 {[%emt 0:01:10] Strongly threatening ...e6.} 24. Rbd1 a4 25. Be3 Ra6 26. Bc4 $2 {[%emt 0:04:25] White does not recover from this.} (26. Bf4 $17 {was necessary.}) 26... axb3+ $19 27. axb3 Bxc4 28. bxc4 Ra3 {[%emt 0:00:42][%csl Gg7][%cal Ra3c3] [#]} 29. Rd3 Ra2+ 30. Kc1 Kg8 ({Worse is} 30... Rxg2 31. R3d2 Rxd2 32. Bxd2 $17) 31. R1d2 Ra1+ 32. Kc2 Rab1 {[%emt 0:00:30][%csl Gb1][%cal Rb8b2] [#]} 33. Rd5 R8b3 34. e5 $2 (34. g3 {might work better.}) 34... Bxe5 35. Rxe5 dxe5 36. Bxc5 R3b2+ {[%emt 0:03:36] Weighted Error Value: White=0.45/Black=0.05 (flawless)} (36... R1b2+ $142 37. Kd3 Rxd2+ 38. Kxd2 Rb2+ 39. Ke1 Rxg2 40. Bxe7 Rxh2) 0-1

[Event "Kezmarok Chess Open 2022"]
[Site "Kezmarok"]
[Date "2022.09.25"]
[Round "2.4"]
[White "Dubessay, Bastien"]
[Black "Bochnickova, Simona"]
[Result "1-0"]
[ECO "D32"]
[WhiteElo "2259"]
[BlackElo "1903"]
[Annotator "TA"]
[PlyCount "63"]
[EventDate "2022.09.24"]
[EventType "swiss"]
[EventCountry "SVK"]
[SourceTitle "playchess.com"]
[Source "ChessBase"]
[SourceQuality "1"]
[TimeControl "40/5400+30:1800+30"]

1. d4 d5 2. c4 e6 3. Nc3 c5 4. cxd5 cxd4 5. Qxd4 exd5 6. Qxd5 {[%emt 0:08:33] D32: Tarrasch Defence: Sidelines and lines without g3.} ({Reject} 6. Nxd5 $6 Nc6 7. Qd3 Nf6 $11) 6... Bd6 {[%emt 0:00:33] [#]} 7. Nf3 $146 {[%emt 0:06:00] White is more active.} ({Predecessor:} 7. Bd2 Nc6 8. Nb5 Bc7 9. Nf3 a6 10. Nxc7+ Qxc7 11. Rc1 Be6 12. Qg5 f6 13. Qe3 {1-0 (40) Grekhneva,Y (1419)-Guznenko,G (1410) Irkutsk 2012}) 7... Nf6 8. Qd1 {[%emt 0:00:35] White is better.} Nc6 9. g3 O-O 10. Bg2 Qe7 11. O-O Rd8 12. Qa4 Bb4 13. Bg5 h6 14. Bxf6 Qxf6 15. Rac1 Be6 16. a3 Bxc3 17. Rxc3 Nd4 18. Nxd4 Rxd4 19. Qa5 Rad8 20. Bxb7 Rd2 21. Bf3 Bh3 {[%emt 0:09:11] [#] Threatens to win with ...Rd1.} 22. Re1 Rxb2 23. Rc7 a6 24. Rc6 Qd4 25. Rxa6 Kh7 26. Rc6 Rdb8 (26... Rd7 $16 27. Rcc1 g6) 27. Qc3 Qa4 (27... Rd8 $16 28. Qxd4 Rxd4) 28. Rc4 Qe8 (28... Qb3 $142 29. Rc1 Kg8 30. Qxb3 R8xb3) 29. Rb4 $18 R2xb4 30. axb4 Qe7 31. Qc5 Qd8 32. b5 {[%emt 0:04:06] Weighted Error Value: White=0.13 (very precise) /Black=0.25 (precise)} 1-0

[Event "Kezmarok Chess Open 2022"]
[Site "Kezmarok"]
[Date "2022.09.25"]
[Round "2.6"]
[White "Demeter, Peter"]
[Black "Mirowska, Oliwia"]
[Result "1-0"]
[ECO "A10"]
[WhiteElo "2067"]
[BlackElo "1856"]
[Annotator "NA RC"]
[PlyCount "119"]
[EventDate "2022.09.24"]
[EventType "swiss"]
[EventCountry "SVK"]
[SourceTitle "playchess.com"]
[Source "ChessBase"]
[SourceQuality "1"]
[TimeControl "40/5400+30:1800+30"]

1. c4 d6 2. g3 e5 3. Bg2 g6 4. Nc3 Bg7 5. Nf3 Nc6 6. O-O Nge7 7. d3 O-O 8. e4 h6 9. Be3 Be6 10. Qd2 Kh7 11. b3 f5 12. exf5 Nxf5 13. Ne4 Qe7 14. Rae1 Rae8 15. b4 Nxe3 16. fxe3 Nd8 17. Nc3 c6 18. Nh4 Bf6 19. Nf3 Nf7 20. h4 d5 21. cxd5 cxd5 22. e4 dxe4 23. Nxe4 Bg7 24. a3 b6 25. Qe3 Bc8 26. Nfd2 Nd6 27. Nxd6 Qxd6 28. Be4 Bf5 29. h5 Bxe4 30. Qxe4 Qd4+ 31. Qxd4 exd4 32. hxg6+ Kxg6 33. Ne4 Rxf1+ 34. Kxf1 Rf8+ 35. Ke2 Rc8 36. Kf3 Rc6 37. b5 Re6 38. Rc1 Bf8 39. a4 Bc5 40. Kf4 Be7 41. Rc6 Kf7 42. Rc7 Rg6 43. Rxa7 h5 44. Ke5 Ke8 45. Kxd4 h4 46. gxh4 Bxh4 47. Kd5 Be1 48. Rb7 Ba5 49. Nd6+ Kd8 50. Nc4 Rg5+ 51. Kc6 Bb4 52. Rd7+ Ke8 53. Nd6+ Bxd6 54. Rxd6 Ke7 55. Rd4 Rg6+ 56. Kc7 Rh6 57. a5 bxa5 58. b6 Rh5 59. Re4+ Kf8 60. b7 1-0